 Dungeon Crawl Stone Soup version 0.28-a0-664-gc179e30c89 (webtiles) character file.

Game seed: 3085575345442648309

50 Irenicus the Digger (level 3, -2/27 (28) HPs)
             Began as a Deep Dwarf Earth Elementalist on Oct 15, 2021.
             Killed by miscasting Vampiric Draining (6 damage)
             ... on level 2 of the Dungeon.
             The game lasted 00:05:22 (672 turns).

Irenicus the Digger (Deep Dwarf Earth Elementalist)  Turns: 672, Time: 00:05:26

HP:   -2/27 (28)    AC:  3    Str: 11    XL:     3   Next: 55%
MP:   1/5           EV: 11    Int: 16    God:
Gold: 53            SH:  0    Dex: 13    Spells: 1/5 levels left

rFire   . . .      SeeInvis .   i - +2 dagger (venom)
rCold   . . .      Faith    .   (no shield)
rNeg    . . .      Spirit   .   f - +0 leather armour
rPois   .          Reflect  .   (no helmet)
rElec   .          Harm     .   (no cloak)
rCorr   .          Rampage  .   (no gloves)
Will    .....                   (no boots)
Stlth   ++........              (no amulet)
HPRegen 0.00/turn               (no ring)
MPRegen 0.09/turn               (no ring)

@: very slightly contaminated, lightly drained
A: damage resistance, heal wounds, sense surroundings 1, no regeneration
a: Heal Wounds


You were on level 2 of the Dungeon.
You visited 1 branch of the dungeon, and saw 2 of its levels.

You collected 53 gold pieces.


Innate Abilities, Weirdness & Mutations

You are resistant to damage.
You can heal yourself by infusing magical energy.
You passively map a small area around you.
You do not regenerate.


   Skills:
 - Level 2.1 Dodging
 - Level 2.4 Stealth
 + Level 1.8 Spellcasting
 * Level 0.5 Necromancy
 - Level 0.8 Transmutations
 - Level 6.0 Earth Magic


You had one spell level left.
You knew the following spells:

 Your Spells              Type           Power      Damage    Failure   Level
v - Vampiric Draining     Necr           1%         2d6       56%         3
z - Sandblast             Erth           40%        2d10      2%          1

Your spell library contained the following spells:

 Spells                   Type           Power      Damage    Failure   Level
 Passwall                 Tmut/Erth      10%        N/A       11%         2
 Stone Arrow              Conj/Erth      22%        3d8       24%         3
 Slow                     Hex            1%         N/A       38%         2
 Petrify                  Tmut/Erth      12%        N/A       56%         4
 Confusing Touch          Hex            1%         N/A       63%         3

Inventory:

Hand Weapons
 i - a +2 dagger of venom (weapon)
Missiles
 c - 9 stones
Armour
 e - a +0 buckler
 f - a +0 leather armour (worn)
Magical Staves
 k - a staff of earth {!a}
Wands
 j - a wand of mindburst (13)
Scrolls
 a - a scroll of noise {unknown}
 b - a scroll of teleportation {unknown}
 d - 2 scrolls of identify {unknown}
 g - a scroll of blinking {unknown}
 l - a scroll of enchant armour {unknown}
Potions
 h - a potion of haste {unknown}
 m - a potion of resistance {unknown}

Dungeon Overview and Level Annotations

Branches:
Dungeon (2/15)

Altars:

, .. #............. , *
#..##............. <
#.........†...... .######
..#.....<........ *
........#**.#.....)........
.........# .#...)..........
......[...###................
.............................
*...........S@................
*............................#
*
*.............................
, ............................
. **###..................>.....
..###*#...##........⚑..........
#....##...##..#................
............................<..
###............######.........


You could see a ball python.


Message History

Okay, then.
Hit: i) +2 dagger (venom)
Press: ? - help, Dir - move target, f - giant cockroach
Aim: a giant cockroach (about 36% to evade your +2 dagger of venom)
You hit the giant cockroach.
The giant cockroach is severely wounded.
The giant cockroach bites you.
Casting: Vampiric Draining (extremely dangerous; 56% risk of failure)
Confirm with . or Enter, or press ? or * to list all spells.
Aiming: Sandblast (safe; 2% risk of failure)
Press: ? - help, Shift-Dir - straight line, f/p - giant cockroach
Aim: a giant cockroach (severely wounded, 81% to hit)
The blast of sand hits the giant cockroach.
You kill the giant cockroach!
Found 9 gold pieces.
A ball python comes into view.
The ball python hisses angrily.
Found a chain mail.
You see here 9 gold pieces.
You now have 53 gold pieces (gained 9).
Casting: Sandblast (safe; 2% risk of failure)
Confirm with . or Enter, or press ? or * to list all spells.
The spell is extremely dangerous to cast (56% risk of failure)!
Continue anyway?
Aiming: Vampiric Draining (extremely dangerous; 56% risk of failure)
Press: ? - help, Shift-Dir - straight line, f - ball python
Aim: a ball python You miscast Vampiric Draining.
You are very lightly contaminated with residual magic.
You feel horribly lethargic!
You feel drained.
You die...

Skill      XL: |  1  2  3 |
---------------+----------+-----
Earth Magic    | 5 6 |  6.0
Dodging        | |  2.1
Stealth        | |  2.4
Spellcasting   | |  1.8
Necromancy     | |  0.5
Transmutations | |  0.8

Action                   || total
-------------------------++-------
Melee: Dagger            ||    45
 Cast: Sandblast         ||    42
 Stab: Sleeping          ||     2
Armor: Leather armour    ||    12
Dodge: Dodged            ||    37

Levels and vault maps discovered:
D:1:      erik_arrival_blinker_ship, layout_loops_ring
D:2:      layout_rooms, ebering_ecumenical_altar_sacrificial

Notes
Turn   | Place    | Note
-------+----------+-------------------------------------------
     0 | D:1      | Irenicus the Deep Dwarf Earth Elementalist began the quest
                  | for the Orb.
     0 | D:1      | Reached XP level 1. HP: 15/15 MP: 3/3
   188 | D:1      | Reached XP level 2. HP: 16/22 MP: 1/4
   227 | D:1      | Reached skill level 5 in Earth Magic
   419 | D:1      | Reached XP level 3. HP: 6/28 MP: 2/5
   560 | D:2      | Learned a level 3 spell: Vampiric Draining
   566 | D:2      | Reached skill level 6 in Earth Magic
   634 | D:2      | Found a faded altar of an unknown god.
   672 | D:2      | Killed by miscasting Vampiric Draining

Vanquished Creatures
  4 dart slugs
  3 ball pythons (D:1)
  6 endoplasms
  2 giant cockroaches (D:2)
  5 goblins
  2 hobgoblins (D:1)
  3 jackals (D:1)
  3 kobolds
  3 bats (D:1)
  3 frilled lizards (D:2)
  3 rats (D:1)
37 creatures vanquished.

Table legend: (Time is in decaauts)
 A = Elapsed time spent in this place.
 B = Non-inter-level travel time spent in this place.
 C = Inter-level travel time spent in this place.
 D = Time resting spent in this place.
 E = Time spent auto-exploring this place.
 F = Levels seen in this place.
 G = Mean time per level.
                   A        B        C        D        E       F      G
               +--------+--------+--------+--------+--------+-----+--------+
         Total |    670 |    652 |     18 |      0 |     33 |   2 |  335.0 |
       Dungeon |    670 |    652 |     18 |      0 |     33 |   2 |  335.0 |
               +--------+--------+--------+--------+--------+-----+--------+

Top non-repeatable levels by time:
     D:1: 532 daAuts
     D:2: 138 daAuts

Table legend:
 A = Non-vault XP
 B = Vault XP
 C = Vault XP percentage of total XP
 D = Non-vault monster count
 E = Vault monster count
 F = Vault count percentage of total count
                 A         B        C        D         E       F
            +---------+---------+-------+---------+---------+-------
      Total |      72 |       0 |   0.0 |      37 |       0 |   0.0
            +---------+---------+-------+---------+---------+-------
        D:1 |      49 |       0 |   0.0 |      26 |       0 |   0.0
        D:2 |      23 |       0 |   0.0 |      11 |       0 |   0.0
            +---------+---------+-------+---------+---------+-------
